 Dungeon Crawl Stone Soup version 0.23.2-33-g5129a83184 (webtiles) character file.

Game seed: 12674009291672705577

888 funkygono the Magician (level 8, -2/53 HPs)
             Began as a Formicid Earth Elementalist on June 26, 2019.
             Splashed by a gnoll sergeant's acid (11 damage)
             ... on level 5 of the Dungeon.
             The game lasted 00:20:01 (6156 turns).

funkygono the Magician (FoEE)                       Turns: 6156, Time: 00:20:03

Health: -2/53      AC:  4    Str: 14    XL:     8   Next: 26%
Magic:  8/17       EV: 12    Int: 16    God:
Gold:   171        SH:  0    Dex: 11    Spells: 16/20 levels left

rFire    + . .     SeeInvis +   k - +1 mace
rCold    . . .     Gourm    .   (no shield)
rNeg     . . .     Faith    .   i - +3 leather armour
rPois    .         Spirit   .   (helmet unavailable)
rElec    .         Reflect  .   (no cloak)
rCorr    .         Harm     .   (no gloves)
MR       .....                  l - +1 pair of boots
Stlth    ++........             (no amulet)
HPRegen  0.17/turn              p - ring of protection from cold
MPRegen  0.15/turn              t - ring of fire

@: corroded
A: permanent stasis, dig shafts and tunnels, four strong arms, antennae 3
a: Dig, Shaft Self


You were on level 5 of the Dungeon.
You were not hungry.

You visited 2 branches of the dungeon, and saw 6 of its levels.

You collected 171 gold pieces.

Inventory:

Hand Weapons
 k - a +1 mace (weapon)
Missiles
 b - 25 stones (quivered)
Armour
 c - a +0 robe
 i - a +3 leather armour (worn)
 l - a +1 pair of boots (worn)
Jewellery
 a - an uncursed ring of stealth
 p - a ring of protection from cold (left hand)
 t - a ring of fire (right hand)
Wands
 q - a wand of random effects (34)
Scrolls
 e - a scroll of enchant armour
 r - a scroll of amnesia
 s - a scroll of remove curse
 u - 3 scrolls of identify
Potions
 f - a potion of curing {unknown}
 g - a potion of mutation
 j - 3 potions of might
 m - a potion of agility
 n - a potion of heal wounds
 o - a potion of flight {unknown}
Comestibles
 d - 13 rations
 h - a chunk of flesh


   Skills:
 + Level 0.9 Fighting
 + Level 1.7 Maces & Flails
 + Level 1.7 Armour
 + Level 2.5 Dodging
 + Level 2.7 Stealth
 * Level 6.6 Spellcasting
 * Level 1.5 Conjurations
   Level 1.1 Transmutations
 + Level 6.5 Earth Magic


You had 16 spell levels left.
You knew the following spells:

 Your Spells              Type           Power        Failure   Level  Hunger
a - Sandblast             Erth           ####..       1%          1    None
b - Stone Arrow           Conj/Erth      ###...       9%          3    ##.....

Your spell library contained the following spells:

 Spells                   Type           Power        Failure   Level  Hunger
 Passwall                 Tmut/Erth      ###.....     4%          2    None
 Magic Dart               Conj           ##..         9%          1    None
 Beastly Appendage        Tmut           #.....       10%         1    None
 Sticks to Snakes         Tmut           #.......     16%         2    None
 Call Imp                 Summ           #.......     24%         2    None
 Slow                     Hex            #.......     24%         2    None
 Lee's Rapid Deconstruct  Erth           ####......   30%         5    #####..
 Petrify                  Tmut/Erth      ###.....     32%         4    ####...
 Conjure Flame            Conj/Fire      ##......     34%         3    ##.....
 Mephitic Cloud           Conj/Pois/Air  #.......     36%         3    ##.....
 Spider Form              Tmut/Pois      #.........   36%         3    ##.....
 Ice Form                 Ice/Tmut       #.......     77%         4    ####...
 Blade Hands              Tmut           #.........   95%         5    #####..
 Blink                    Tloc           Unusable     N/A         2    N/A

Dungeon Overview and Level Annotations

Branches:
Dungeon (5/15)             Temple (1/1) D:5

Altars:
Ashenzari
Cheibriados
Dithmenos
Elyvilon
Fedhas
Gozag
Hepliaklqana
Makhleb
Nemelex Xobeh
Okawaru
Qazlal
Ru
Sif Muna
Trog
Uskayaw
Xom
Yredelemnul
The Shining One

Shops:
D:4 [


Innate Abilities, Weirdness & Mutations

You cannot be hasted, slowed, berserked, paralysed or teleported.
You can dig through walls and to a lower floor.
Your four strong arms can wield two-handed weapons with a shield.
You have a pair of large antennae on your head. (SInv)


Message History

Aiming: Sandblast (safe; 1% risk of failure)
Press: ? - help, Shift-Dir - straight line, f/p - gnoll sergeant
Aim: a gnoll sergeant, wielding a +0 spear, wearing a +0 ring mail and carrying a wand of acid (10) (heavily wounded)
The blast of sand hits the gnoll sergeant.
The gnoll sergeant is severely wounded.
b - 26 stones The gnoll sergeant zaps a wand.
The bolt of acid hits you! The acid corrodes you!
You are splashed with acid!
Casting: Sandblast (safe; 1% risk of failure)
Confirm with . or Enter, or press ? or * to list all spells.
Aiming: Sandblast (safe; 1% risk of failure)
Press: ? - help, Shift-Dir - straight line, f/p - gnoll sergeant
Aim: a gnoll sergeant, wielding a +0 spear, wearing a +0 ring mail and carrying a wand of acid (9) (severely wounded)
The blast of sand hits the gnoll sergeant.
The gnoll sergeant is almost dead.
b - 25 stones The gnoll sergeant zaps a wand.
The bolt of acid hits you!
* * * LOW HITPOINT WARNING * * *
You are splashed with acid!
You die...

#.####.#..# #.# #.# #.#..# ##.#
#.####.#..# #..#
#####)........# #.##
##...######.#.## #.# ##
#......)....#.# #.#
.###.....#######.##### #.#
.....###.............# #.#
.###.###.#..####@###.# #.# ##
#.....#..# #.# #.# #.#
######.###..####g# #.###### #.#
......#.[#..#.#g#.##(.....# #.#
.#####........{###.######.###.#
.# ##..#...g.g.###....รท......#
.# #..#.#....[###.######.#####
.####.......#.#.#.## #.#
...............#.########.##


You could see a gnoll sergeant and a gnoll.

Vanquished Creatures
  Sigmund (D:5)
  A bullfrog (D:4)
  2 scorpions
  A howler monkey (D:5)
  A bullfrog zombie (D:5)
  A hound (D:4)
  A bullfrog skeleton (D:4)
  2 orc priests
  A centaur skeleton (D:3)
  A worker ant (D:4)
  An orc wizard (D:4)
  Robin (D:3)
  3 gnolls
  A howler monkey skeleton (D:4)
  9 adders
  A river rat (D:4)
  An adder skeleton (D:4)
  A dart slug (D:1)
  10 leopard geckos
  21 orcs
  6 bats
  4 giant cockroaches
  16 goblins
  8 hobgoblins
  9 jackals
  3 quokkas
  3 ball pythons
  A ball python skeleton (D:4)
  6 frilled lizards
  10 kobolds
  5 rats
132 creatures vanquished.

Notes
Turn   | Place    | Note
-------+----------+-------------------------------------------
     0 | D:1      | funkygono the Formicid Earth Elementalist began the quest
                  | for the Orb.
     0 | D:1      | Reached XP level 1. HP: 13/13 MP: 3/3
   201 | D:1      | Reached XP level 2. HP: 19/19 MP: 1/5
   465 | D:1      | Found a shimmering altar of Xom.
   780 | D:2      | Reached XP level 3. HP: 24/24 MP: 1/7
   785 | D:2      | Learned a level 3 spell: Stone Arrow
  1083 | D:2      | Found a burning altar of Makhleb.
  1091 | D:2      | Reached XP level 4. HP: 27/30 MP: 3/8
  1950 | D:3      | Reached XP level 5. HP: 35/35 MP: 8/10
  1951 | D:3      | Reached skill level 5 in Earth Magic
  2058 | D:3      | Reached skill level 1 in Conjurations
  2105 | D:3      | Noticed Robin
  2232 | D:3      | Killed Robin
  2536 | D:3      | Reached skill level 1 in Maces & Flails
  2542 | D:3      | Learned a level 1 spell: Beastly Appendage
  2597 | D:3      | Reached XP level 6. HP: 41/42 MP: 4/12
  2637 | D:3      | Found an iron altar of Okawaru.
  2958 | D:3      | Found a bloodstained altar of Trog.
  3502 | D:4      | Reached skill level 1 in Armour
  3557 | D:4      | Reached skill level 5 in Spellcasting
  3593 | D:4      | Reached XP level 7. HP: 40/47 MP: 7/14
  4171 | D:4      | Found Gochotzu's Armour Emporium.
  5144 | D:5      | Entered Level 5 of the Dungeon
  5159 | D:5      | Found a staircase to the Ecumenical Temple.
  5164 | Temple   | Entered the Ecumenical Temple
  5713 | D:5      | Noticed Sigmund
  5732 | D:5      | Killed Sigmund
  5732 | D:5      | Reached XP level 8. HP: 51/53 MP: 4/17
  6156 | D:5      | Splashed by a gnoll sergeant's acid

Skill      XL: |  1  2  3  4  5  6  7 |
---------------+----------------------+-----
Earth Magic    | 4 5 6 |  6.5
Dodging        | 2 |  2.5
Spellcasting   | 3 4 5 6 |  6.6
Conjurations   | 1 |  1.5
Maces & Flails | 1 |  1.7
Armour         | 1 |  1.7
Fighting       | |  0.9
Stealth        | |  2.7
Transmutations | |  1.1

Action                   |  1- 3 |  4- 6 |  7- 9 || total
-------------------------+-------+-------+-------++-------
Melee: Whip              |    29 |    62 |    45 ||   136
       Quarterstaff      |       |       |     8 ||     8
       Mace              |       |       |     7 ||     7
Throw: Stone             |     1 |       |       ||     1
 Cast: Sandblast         |    31 |    48 |    47 ||   126
       Stone Arrow       |     2 |    31 |    31 ||    64
  Use: Scroll            |     6 |     5 |     4 ||    15
 Stab: Sleeping          |       |       |     2 ||     2
  Eat: Chunk             |     1 |    11 |    11 ||    23
Armor: Robe              |     7 |    10 |       ||    17
       Leather armour    |       |    20 |    19 ||    39
Dodge: Dodged            |    18 |    49 |    47 ||   114
